[Event "*** Titled Tuesday Blitz"]
[Site "Chess.com"]
[Date "2021.04.20"]
[Round "9"]
[White "platy3"]
[Black "grzechu96"]
[Result "1-0"]
[WhiteElo "2842"]
[BlackElo "2683"]
[TimeControl "180+1"]
[EndTime "11:44:08 PDT"]
[Termination "platy3 won on time"]

1. e4 e5 2. Nf3 Nc6 3. Bc4 Nf6 4.
Ng5 d5 5. exd5 Na5 6. Bb5+ c6 7. dxc6 bxc6 8. Bd3 Nd5 9. Nf3 Bd6 10. O-O Nf4 11. Nc3 Nxd3 12. cxd3 O-O 13. Ne4 c5 14. b3 Ba6 15. Qc2 f6 16. Ba3 Rc8 17. Qc3 Be7 18.
Nxc5 Nb7 19. b4 Nxc5 20. bxc5 Bxd3 21. Rfc1 Be4 22. d4 Bxf3 23. Qxf3 exd4 24. Rc4 Qa5 25. Bb4 Qb5 26. Rac1 Rfd8 27. Qe2 Bf8 28. Qd3 Kh8 29. Ba3 Bxc5 30. Qf5 1-0

[Event "*** Titled Tuesday Blitz"]
[Site "Chess.com"]
[Date "2021.04.20"]
[Round "9"]
[White "Twitch_ElhamBlitz05"]
[Black "Susal_De_Silva"]
[Result "1-0"]
[WhiteElo "2734"]
[BlackElo "2584"]
[TimeControl "180+1"]
[EndTime "11:44:09 PDT"]
[Termination "Twitch_ElhamBlitz05 won by resignation"]

1. e4 e5 2. Nc3 Nf6 3. Bc4 Nc6 4. d3 Bc5 5. f4 d6 6. Nf3 Bg4 7. Na4 Bb6 8. Nxb6 axb6 9. c3 Qd7 10. O-O O-O 11. h3 Bxf3 12. Qxf3 Na5 13. f5 Nxc4 14.
dxc4 Qc6 15. Re1 Qxc4 16. b3 Qc6 17. Kh2 Nd7 18. g4 f6 19. a4 Nc5 20. c4 Na6 21. Bd2 Qc5 22. Rg1 Nb4 23. Be3 Qc6 24. Rg2 g5 25. h4 h6 26. Kg3 Kg7 27. Rh1 Rh8 28. Rgh2 Rad8 29. hxg5 hxg5 30. Bxg5 Rxh2 31. Bxf6+ Kxf6 32. Rxh2 Qc5 33. g5+ Ke7 34. Rh7+ Ke8 35. Qh5+ 1-0

[Event "*** Titled Tuesday Blitz"]
[Site "Chess.com"]
[Date "2021.04.20"]
[Round "9"]
[White "Steegersee"]
[Black "kidagent"]
[Result "0-1"]
[WhiteElo "2228"]
[BlackElo "2340"]
[TimeControl "180+1"]
[EndTime "11:44:09 PDT"]
[Termination "kidagent won by checkmate"]

1. c4 c6 2. Nf3 d5 3. e3 Nf6 4. b3 Bg4 5. Bb2 e6 6. Be2 Nbd7 7. O-O Bd6 8. Nc3 O-O 9. Qc2 Qe7 10. h3 Bh5 11. d4 e5 12. cxd5 cxd5 13. Nxe5 Nxe5 14.
dxe5 Qxe5 15. g3 Bg6 16. Qd2 Qe6 17. Kg2 Rad8 18. Nb5 Bb8 19. Nd4 Qe7 20. Bf3 Rfe8 21. Rac1 Be4 22. a3 a6 23. b4 Nd7 24. Bxe4 dxe4 25. Qc2 Qg5 26. Qb3 Ne5 27. h4 Qg6 28. Qd1 Nf3 29. Kh1 Qg4 30. Kg2 Nxh4+ 31. Kh2 Nf3+ 32.
Kg2 Rd6 33. Qe2 Rxd4 34. Bxd4 Nh4+ 35. Kg1 Qxe2 36. gxh4 Qg4+ 37. Kh1 Qh3+ 38. Kg1 Qh2# 0-1

[Event "*** Titled Tuesday Blitz"]
[Site "Chess.com"]
[Date "2021.04.20"]
[Round "9"]
[White "MalyDominator"]
[Black "JelenaKarleusa-SO-18"]
[Result "0-1"]
[WhiteElo "2450"]
[BlackElo "2667"]
[TimeControl "180+1"]
[EndTime "11:44:10 PDT"]
[Termination "JelenaKarleusa-SO-18 won by resignation"]

1. e4 d6 2. d4 Nf6 3. Nc3 Nbd7 4. Nf3 e5 5. Bc4 Be7 6. O-O O-O 7. Re1 c6 8. a4 exd4 9. Nxd4 Ne5 10. Bb3 Re8 11. h3 Ng6 12. Be3 Bf8 13. Qf3 Bd7 14. Rad1 a6 15.
Nf5 Bxf5 16. exf5 Ne5 17. Qg3 d5 18. Bg5 Ned7 19. Ne2 Ne4 20. Bxd8 Nxg3 21. Nxg3 Rexd8 22. c3 b5 23. Nh5 Nc5 24. Bc2 bxa4 25. Ra1 Rab8 26.
Reb1 d4 27. cxd4 Rxd4 28. Ra3 g6 29. fxg6 hxg6 30. Nf6+ Kg7 31. Ng4 Bd6 32. Ne3 Bf4 33. Rc3 Rb5 34. Bd1 Bxe3 35. fxe3 Rd2 36. Bc2 a3 37. bxa3 Rxc2 38. Rxb5 Rxc3 0-1

[Event "*** Titled Tuesday Blitz"]
[Site "Chess.com"]
[Date "2021.04.20"]
[Round "9"]
[White "BanjoKazooieN64"]
[Black "TimKett"]
[Result "1-0"]
[WhiteElo "2438"]
[BlackElo "2246"]
[TimeControl "180+1"]
[EndTime "11:44:10 PDT"]
[Termination "BanjoKazooieN64 won by resignation"]

1. e4 e5 2. Nf3 Nc6 3. Bc4 Nf6 4.
Ng5 d5 5. exd5 Na5 6. Bb5+ c6 7.
dxc6 bxc6 8. Qf3 Be7 9. Bd3 h6 10. Ne4 Nd5 11. O-O O-O 12. Ng3 Nb7 13. Re1 Bd6 14.
Nc3 Nf4 15. Bf5 g6 16. Bxc8 Rxc8 17. d3 Nc5 18. Bxf4 exf4 19. Nge4 f5 20. Nxc5 Bxc5 21.
Re6 Rf6 22. Rae1 Rxe6 23. Rxe6 Kf7 24. Rxc6 Rxc6 25. Qxc6 Qd4 26. Qd5+ Qxd5 27. Nxd5 g5 28. b4 Bd6 29. c4 Ke6 30. a4 Ke5 31. a5 Kd4 32. b5 Kxd3 33. b6 axb6 34. a6 Bb8 35.
Nxb6 Kd4 36. c5 Ba7 37. c6 Bxb6 38. c7 Bxc7 39. a7 1-0

[Event "*** Titled Tuesday Blitz"]
[Site "Chess.com"]
[Date "2021.04.20"]
[Round "9"]
[White "KonstantinB_1983"]
[Black "Nuvas"]
[Result "0-1"]
[WhiteElo "2513"]
[BlackElo "2644"]
[TimeControl "180+1"]
[EndTime "11:44:11 PDT"]
[Termination "Nuvas won by resignation"]

1. d4 Nf6 2. c4 g6 3. Nc3 d5 4. cxd5 Nxd5 5. e4 Nxc3 6. bxc3 Bg7 7. Bc4 c5 8. Ne2 Nc6 9. Be3 O-O 10. h4 cxd4 11. cxd4 Qa5+ 12. Kf1 b5 13. Bd5 Bb7 14. h5 e6 15. Bb3 Rfd8 16. hxg6 hxg6 17. f3 Rac8 18. Kf2 Qb4 19. a3 Qe7 20. Qd2 Ne5 21.
Bg5 f6 22. Bh6 Nc4 23. Qf4 g5 24. Qh2 Bc6 25. a4 a6 26. Rac1 Be8 27. axb5 axb5 28. f4 Bxh6 29. Qxh6 Qg7 30. fxg5 fxg5 31. Qxe6+ Bf7 32. Qh6 Rf8 33. Kg3 Qxh6 34. Rxh6 Kg7 35. Rb6 Nxb6 36. Rd1 Bxb3 0-1

[Event "*** Titled Tuesday Blitz"]
[Site "Chess.com"]
[Date "2021.04.20"]
[Round "9"]
[White "gumimis"]
[Black "alexgo05"]
[Result "1-0"]
[WhiteElo "2349"]
[BlackElo "2456"]
[TimeControl "180+1"]
[EndTime "11:44:12 PDT"]
[Termination "gumimis won by resignation"]

1. e4 c6 2. d4 g6 3. Nc3 d5 4. Nf3 Bg7 5. Be3 Bg4 6. Be2 Nh6 7. h3 Bxf3 8. Bxf3 dxe4 9. Bxe4 Qd7 10. g4 Ng8 11. g5 h6 12. f4 hxg5 13. fxg5 Rxh3 14. Rxh3 Qxh3 15. Qd2 Qh4+ 16. Bf2 Qg4 17. Qe3 Na6 18.
Bf3 Qf5 19. O-O-O e6 20. d5 Nb4 21. Be4 Qe5 22. dxc6 Nxa2+ 23. Nxa2 Qxb2+ 24. Kd2 Qxa2 25. cxb7 Rd8+ 26. Ke2 Qa6+ 27. Kf3 Be5 28. Rxd8+ Kxd8 29. Qc5 Ne7 30. Qxe5 Nc6 31. Qd6+ Ke8 32. Bxc6+ 1-0

[Event "*** Titled Tuesday Blitz"]
[Site "Chess.com"]
[Date "2021.04.20"]
[Round "9"]
[White "VinzentSpitzl"]
[Black "Pantata007"]
[Result "1-0"]
[WhiteElo "2425"]
[BlackElo "2236"]
[TimeControl "180+1"]
[EndTime "11:44:13 PDT"]
[Termination "VinzentSpitzl won on time"]

1. Nf3 d5 2. g3 Nf6 3. Bg2 c6 4. O-O Bg4 5. d4 e6 6. c4 Nbd7 7. Nc3 Bd6 8. h3 Bh5 9. Bg5 h6 10. Bf4 Bxf4 11. gxf4 Qc7 12. Ne5 dxc4 13. Qd2 O-O-O 14.
Nxc4 g5 15. f5 exf5 16. Rac1 Kb8 17. d5 cxd5 18. Nxd5 Nxd5 19. Qxd5 Nb6 20. Qb5 Qd7 21.
Qe5+ Ka8 22. Nxb6+ axb6 23. Rc7 Qd6 24. Qc3 Kb8 25.
Rxb7+ Ka8 26. Rxb6+ 1-0

[Event "*** Titled Tuesday Blitz"]
[Site "Chess.com"]
[Date "2021.04.20"]
[Round "9"]
[White "volunteers1998"]
[Black "A-S-00"]
[Result "1-0"]
[WhiteElo "2204"]
[BlackElo "2313"]
[TimeControl "180+1"]
[EndTime "11:44:13 PDT"]
[Termination "volunteers1998 won by resignation"]

1. e4 e6 2. Nf3 d5 3. Nc3 d4 4.
Ne2 c5 5. c3 Nc6 6. cxd4 cxd4 7. Qa4 Bc5 8. b4 Bxb4 9. Nexd4 Be7 10. Bb5 Bd7 11. Nxc6 bxc6 12. Bxc6 Rc8 13. Bxd7+ Qxd7 14. Qxd7+ Kxd7 15. Ne5+ Ke8 16. O-O Nf6 17. d3 Bd6 18. Nc4 Bb8 19. Rb1 Nd7 20. Be3 a6 21. Rfc1 Ke7 22.
g3 Rhd8 23. Kf1 Ne5 24. Nxe5 Rxc1+ 25. Rxc1 Bxe5 26. Rc6 Rxd3 27. Rxa6 Rd1+ 28. Ke2 Ra1 29. Ra7+ Kf6 30. f4 Bb2 31. Kd3 Rh1 32. a4 Rxh2 33. Rb7 h5 34. Rxb2 1-0

[Event "*** Titled Tuesday Blitz"]
[Site "Chess.com"]
[Date "2021.04.20"]
[Round "9"]
[White "1977Ivan"]
[Black "MeekMammoth2"]
[Result "1-0"]
[WhiteElo "2703"]
[BlackElo "2454"]
[TimeControl "180+1"]
[EndTime "11:44:15 PDT"]
[Termination "1977Ivan won on time"]

1. d4 Nf6 2. c4 e6 3. Nc3 d5 4. cxd5 exd5 5. Bg5 Be7 6. e3 O-O 7. Bd3 Nbd7 8. Nge2 Re8 9. O-O Nf8 10. Qc2 g6 11. b4 Ne6 12. Bh4 c6 13. Rab1 a6 14. f3 Nh5 15. Bf2 Bd6 16. h3 Bc7 17. g4 Nhg7 18. Kg2 Qf6 19. f4 h5 20. Rh1 Nf8 21. g5 Qe7 22. e4 Nfe6 23. e5 1-0

[Event "*** Titled Tuesday Blitz"]
[Site "Chess.com"]
[Date "2021.04.20"]
[Round "9"]
[White "muchojogo"]
[Black "jacky72"]
[Result "0-1"]
[WhiteElo "2455"]
[BlackElo "2699"]
[TimeControl "180+1"]
[EndTime "11:44:15 PDT"]
[Termination "jacky72 won by resignation"]

1. d4 a6 2. Bf4 g6 3. e4 Bg7 4. Nc3 b5 5. a3 Bb7 6. Bd3 e6 7. h4 Bxd4 8. h5 Ne7 9. Nf3 Bg7 10. h6 Bxc3+ 11. bxc3 Nbc6 12. Bg5 O-O 13. Bf6 d6 14.
Qd2 e5 15. Qg5 Qd7 16. a4 bxa4 17. Bc4 d5 18. exd5 Nxd5 19. O-O-O Na5 20. Bxd5 Bxd5 21. Bxe5 f6 22. Bxf6 c6 23. Ne5 Qe6 24. Bg7 Rxf2 25. Rhe1 Qd6 26. Rd3 Qa3+ 27. Kd1 Rb8 28. Qc1 Qa2 29. Nd7 Rb1 30. Re8+ Kf7 31. Rf8+ Ke7 32. Rxf2 Rxc1+ 33. Kxc1 Nc4 34. Re2+ Kxd7 0-1

[Event "*** Titled Tuesday Blitz"]
[Site "Chess.com"]
[Date "2021.04.20"]
[Round "9"]
[White "ehrenfeld"]
[Black "Jenia84"]
[Result "0-1"]
[WhiteElo "2534"]
[BlackElo "2424"]
[TimeControl "180+1"]
[EndTime "11:44:17 PDT"]
[Termination "Jenia84 won by resignation"]

1. e4 e5 2. Nc3 Nc6 3. Bc4 Bc5 4. Qg4 Qf6 5. Nd5 Qxf2+ 6. Kd1 d6 7. Qxg7 h5 8. Qxh8 Bg4+ 9. Ne2 O-O-O 10. Qg7 Qxg2 11. Qxg4+ hxg4 12. Re1 Bf2 13. Ne3 Bxe3 14. dxe3 Nf6 15. Rg1 Qxh2 16. Bxf7 Nxe4 17. Bg6 d5 18. b4 g3 19. Bb2 g2 20. b5 Ne7 21.
Bxe4 dxe4+ 22. Ke1 Nf5 23. Rd1 Rxd1+ 24. Kxd1 Nxe3+ 25. Ke1 Nxc2+ 26. Kd2 Nd4 27. Bxd4 exd4 0-1

[Event "*** Titled Tuesday Blitz"]
[Site "Chess.com"]
[Date "2021.04.20"]
[Round "9"]
[White "dodorox"]
[Black "Ladislav1969"]
[Result "0-1"]
[WhiteElo "2128"]
[BlackElo "2320"]
[TimeControl "180+1"]
[EndTime "11:44:17 PDT"]
[Termination "Ladislav1969 won on time"]

1. d4 Nf6 2. c4 g6 3. Nc3 d5 4. Bf4 Bg7 5. e3 c5 6. dxc5 Be6 7. cxd5 Nxd5 8. Rc1 Nxc3 9. bxc3 Qa5 10. Ne2 Bxa2 11.
Bxb8 Rxb8 12. Nd4 O-O 13. Be2 Qxc5 14. Qa4 Bd5 15. O-O e5 16. Nf3 Bc6 17. Qb3 Rfd8 18. Rfd1 h6 19. Nd2 a5 20. Nc4 a4 21. Qa2 b5 22. Na5 Rxd1+ 23. Rxd1 Be8 24. Rc1 Bf8 25. Qd2 Qb6 26. c4 b4 27. Qd5 Rd8 0-1

[Event "*** Titled Tuesday Blitz"]
[Site "Chess.com"]
[Date "2021.04.20"]
[Round "9"]
[White "aljado"]
[Black "Chernov_Alexander_A"]
[Result "0-1"]
[WhiteElo "2047"]
[BlackElo "2285"]
[TimeControl "180+1"]
[EndTime "11:44:17 PDT"]
[Termination "Chernov_Alexander_A won by resignation"]

1. e4 c6 2. d4 d5 3. Nc3 dxe4 4. f3 e5 5. dxe5 Qxd1+ 6. Kxd1 Nd7 7. f4 f5 8. Bc4 Nc5 9. Be3 Be6 10. Be2 O-O-O+ 11. Ke1 Nh6 12. Nh3 Nf7 13. Kf2 Be7 14. Rad1 h6 15. Rhg1 g5 16. fxg5 hxg5 17. Rh1 f4 18. Bd4 Kc7 19.
Ng1 g4 20. b4 e3+ 21. Kf1 Nd7 22. Ne4 Nfxe5 23. Nc5 Bxc5 24. bxc5 Bf5 25. Bd3 Nxd3 26. Bxh8 Nf2 27. Rd4 Nxh1 28. Rxf4 Bxc2 29. Rf7 Kc8 30. Bc3 Bd3+ 31. Ke1 Nxc5 0-1

[Event "*** Titled Tuesday Blitz"]
[Site "Chess.com"]
[Date "2021.04.20"]
[Round "9"]
[White "Murad_Ibrahimli"]
[Black "Nikolaj_6"]
[Result "1-0"]
[WhiteElo "2750"]
[BlackElo "2617"]
[TimeControl "180+1"]
[EndTime "11:44:18 PDT"]
[Termination "Murad_Ibrahimli won by resignation"]

1. Nf3 Nf6 2. b4 a5 3. b5 b6 4. Bb2 Bb7 5. e3 g6 6. Be2 Bg7 7. c4 O-O 8. O-O c5 9. bxc6 dxc6 10. d4 Nbd7 11. Nc3 e6 12. Rb1 c5 13. d5 exd5 14.
cxd5 Re8 15. Bb5 Ba6 16. Bxa6 Rxa6 17. Qd3 Ra8 18. h3 Qe7 19. Nd2 Ne5 20. Qb5 Rab8 21. e4 Nh5 22. f4 Ng4 23. Na4 Ne3 24. Rf3 Bd4 25. Bxd4 cxd4 26. Qd3 f5 27. Qxd4 fxe4 28. Rxe3 Nxf4 29. Nxe4 Rf8 30. d6 Qh4 31. Nac3 Rbe8 32.
d7 Rd8 33. Nd5 Nxd5 34. Qxd5+ Kg7 35. Rxb6 Rf4 36. Qe5+ Kh6 37. g3 1-0

[Event "*** Titled Tuesday Blitz"]
[Site "Chess.com"]
[Date "2021.04.20"]
[Round "9"]
[White "ZAbdumalik"]
[Black "ViktoriyaTarasova"]
[Result "1-0"]
[WhiteElo "2618"]
[BlackElo "2429"]
[TimeControl "180+1"]
[EndTime "11:44:21 PDT"]
[Termination "ZAbdumalik won by resignation"]

1. e4 e5 2. Nf3 Nc6 3. Bb5 Nf6 4. d3 Bc5 5. Nbd2 O-O 6. Nb3 Bb6 7. Bxc6 bxc6 8.
Nxe5 d5 9. O-O dxe4 10. d4 Qd6 11. Bf4 Qe6 12. c4 a6 13. Re1 Qf5 14. Bg3 Nh5 15. c5 Ba7 16. Nxc6 Re8 17. Nxa7 Rxa7 18. d5 Nxg3 19.
hxg3 Rd8 20. Qe2 Rxd5 21. Qxe4 Qxe4 22. Rxe4 Be6 23. Rc1 Rb7 24. c6 Rb8 25. Nc5 Rxb2 26. Nxa6 Rdd2 27. Rf4 Rdc2 28. Rd1 g5 29. Rb4 Rxa2 30.
Nxc7 Rxc6 31. Ne8 Rc8 32. Nf6+ Kg7 33. Ne4 h6 34. Rb7 Rac2 35. Nd6 Rc1 36. Rxc1 Rxc1+ 37. Kh2 Rd1 38. Rb6 Rd2 39. f3 Rd1 40. g4 Rd2 41.
Kg3 Rd1 42. Ne4 Rd4 43. Nc5 Ba2 44. Ra6 Bb1 45. Ra7 Bg6 46. Ne6+ Kf6 47. Nxd4 Ke5 48.
Nf5 1-0

[Event "*** Titled Tuesday Blitz"]
[Site "Chess.com"]
[Date "2021.04.20"]
[Round "9"]
[White "MIJuanReyesRosa"]
[Black "Komiagina_Maria"]
[Result "1-0"]
[WhiteElo "2050"]
[BlackElo "2203"]
[TimeControl "180+1"]
[EndTime "11:44:21 PDT"]
[Termination "MIJuanReyesRosa won by resignation"]

1. d4 Nf6 2. Nf3 g6 3. c4 Bg7 4. Nc3 d6 5. e4 O-O 6. Be2 e5 7. dxe5 dxe5 8. Qxd8 Rxd8 9. Bg5 Re8 10. Nd5 Nxd5 11.
cxd5 c6 12. O-O cxd5 13. exd5 e4 14. Nd2 Bxb2 15. Rab1 Bg7 16. Nc4 Bf8 17. Rfd1 Nd7 18. Na5 Rb8 19. Bb5 Bd6 20. Bxd7 Bxd7 21. Nxb7 Bf8 22.
d6 Re5 23. Bf4 Rf5 24. Bg3 f6 25. Rdc1 Kf7 26. h3 Ke6 27. Re1 Bc6 28. d7 Bxb7 29. Bxb8 1-0

[Event "*** Titled Tuesday Blitz"]
[Site "Chess.com"]
[Date "2021.04.20"]
[Round "9"]
[White "Kapibara_Warri0r"]
[Black "LittleMyMoomin"]
[Result "1-0"]
[WhiteElo "2199"]
[BlackElo "1911"]
[TimeControl "180+1"]
[EndTime "11:44:22 PDT"]
[Termination "Kapibara_Warri0r won by checkmate"]

1. e4 c5 2. Nf3 e6 3. d4 cxd4 4. Nxd4 Nc6 5. Nc3 Qc7 6. g3 a6 7. Bg2 Nf6 8. O-O Nxd4 9. Qxd4 Bc5 10. Bf4 Bxd4 11. Bxc7 O-O 12. Bd6 Re8 13. h3 Ra7 14. Ne2 Bxb2 15. Rab1 Nxe4 16. Bxe4 Bf6 17. Bc5 Ra8 18.
Bxb7 Bxb7 19. Rxb7 d5 20. Rfb1 Rec8 21. Bd4 Rxc2 22.
a4 h5 23. Bxf6 gxf6 24. Nf4 h4 25. gxh4 Rc4 26. Nh5 Rxa4 27. Nxf6+ Kg7 28. Ng4 Rf4 29. h5 a5 30. Kg2 a4 31. Rb8 Ra7 32. Rc8 a3 33.
Rbb8 f5 34. Rg8+ Kf7 35. Rh8 Raa4 36. Rh7# 1-0

[Event "*** Titled Tuesday Blitz"]
[Site "Chess.com"]
[Date "2021.04.20"]
[Round "9"]
[White "wonderfultime"]
[Black "Andreikka"]
[Result "0-1"]
[WhiteElo "2954"]
[BlackElo "2878"]
[TimeControl "180+1"]
[EndTime "11:44:23 PDT"]
[Termination "Andreikka won by resignation"]

1. d4 Nf6 2. Nf3 d5 3. Bf4 e6 4.
e3 c5 5. c3 Nc6 6. Nbd2 Nh5 7.
Be5 f6 8. g3 fxe5 9. Nxe5 Nxe5 10. Qxh5+ Nf7 11. Bd3 g6 12. Qe2 Be7 13. h4 Qb6 14. Rb1 Bd7 15. h5 g5 16. O-O O-O 17. dxc5 Bxc5 18. b4 Be7 19. c4 Ne5 20. c5 Qc7 21.
Bc2 g4 22. Nb3 Nf3+ 23. Kg2 Bf6 24. e4 a6 25. exd5 exd5 26. Rfd1 Rae8 27. Qd3 Bb5 28. Qxd5+ Kh8 29. Na5 b6 30. Qb7 Qxb7 31. Nxb7 Bc6 32. Nd6 Re2 33. Bd3 Rxa2 34. Be4 Bd4 35. Rf1 Bxe4 36.
Nxe4 Re8 37. Nd6 Ree2 38. Kh1 Rxf2 39. Rxf2 Rxf2 0-1

[Event "*** Titled Tuesday Blitz"]
[Site "Chess.com"]
[Date "2021.04.20"]
[Round "9"]
[White "GrigoriyM2001"]
[Black "InitiatingASC"]
[Result "0-1"]
[WhiteElo "2554"]
[BlackElo "2430"]
[TimeControl "180+1"]
[EndTime "11:44:23 PDT"]
[Termination "InitiatingASC won by resignation"]

1. d4 Nf6 2. c4 e6 3. g3 d5 4. Nf3 c5 5. cxd5 exd5 6. Bg2 Nc6 7. O-O Be7 8. Nc3 O-O 9. b3 b6 10. Bb2 Be6 11. Rc1 Rc8 12. dxc5 bxc5 13. Na4 Qa5 14. Qd2 Ne4 15. Qxa5 Nxa5 16. Rfd1 Rfd8 17. Ne1 c4 18. bxc4 Nxc4 19. Bd4 Ba3 20. Rc2 a5 21. Nd3 Bd7 22. Nc3 Nxc3 23. Rxc3 Ba4 24. Rb1 Bf8 25. Nf4 Nd2 26. Rbc1 Rc4 27. e3 Bb4 28. Bxd5 Bxc3 29. Bxc4 Nf3+ 30. Kg2 Ne1+ 31. Kf1 Bxd4 32. Kxe1 Bb2 33. Rb1 Ba3 34. Rb7 Bc6 35. Rb2 Bxb2 36. Ke2 Bc3 0-1

[Event "*** Titled Tuesday Blitz"]
[Site "Chess.com"]
[Date "2021.04.20"]
[Round "9"]
[White "AEMEffi"]
[Black "FGHSMN"]
[Result "0-1"]
[WhiteElo "2337"]
[BlackElo "2486"]
[TimeControl "180+1"]
[EndTime "11:44:23 PDT"]
[Termination "FGHSMN won by resignation"]

1. d4 Nf6 2. c4 e6 3. Nc3 d5 4. cxd5 exd5 5. Bf4 Be7 6. e3 O-O 7.
Bd3 c6 8. h3 Nbd7 9. Qc2 Re8 10.
Nge2 h6 11. g4 Nf8 12. O-O-O Ne6 13. Be5 c5 14. dxc5 Nxc5 15. Bb5 Bd7 16. Bxf6 Bxf6 17.
Rxd5 Qe7 18. Rxc5 Qxc5 19. Bxd7 Re7 20. Bf5 Rc7 21. h4 b5 22. g5 Bxc3 23. bxc3 b4 24. gxh6 g6 25. Rg1 Kh8 26. Be4 Rac8 27. Rg5 Qe7 28. Bd3 Rxc3 29. Nxc3 Rxc3 30. Qxc3+ bxc3 31. Ra5 Kh7 32. a3 Qxh4 33. Kc2 Qxf2+ 34. Kxc3 Qe1+ 0-1

[Event "*** Titled Tuesday Blitz"]
[Site "Chess.com"]
[Date "2021.04.20"]
[Round "9"]
[White "CraiggoryC"]
[Black "JiiHart"]
[Result "0-1"]
[WhiteElo "2166"]
[BlackElo "2001"]
[TimeControl "180+1"]
[EndTime "11:44:23 PDT"]
[Termination "JiiHart won by resignation"]

1. e4 c5 2. Nf3 Nc6 3. d4 cxd4 4. Nxd4 Nf6 5. Nc3 d6 6. Bc4 e6 7. Be3 a6 8. Bb3 Qc7 9. Qe2 Bd7 10. O-O-O b5 11. Nxc6 Bxc6 12. f3 Be7 13. Qf2 Rb8 14. g4 a5 15. a3 O-O 16. Ne2 a4 17. Ba2 b4 18. axb4 Rxb4 19. g5 Nd7 20. Nd4 Rfb8 21. c3 Rxb2 22. Qxb2 Rxb2 23. Kxb2 Qb7+ 24. Kc2 Nc5 25. Rb1 Bxe4+ 26. Kd2 Bxb1 27. Rxb1 Qc8 28. h4 e5 29. Ne2 g6 30. Rb5 Kg7 31. Bxc5 dxc5 32.
Ng3 Qc6 33. Bc4 Qxf3 34. Ne2 e4 35. Rb7 e3+ 36. Kd3 Qxb7 0-1

[Event "*** Titled Tuesday Blitz"]
[Site "Chess.com"]
[Date "2021.04.20"]
[Round "9"]
[White "Kislov_Oleg"]
[Black "fabianvivasz"]
[Result "1/2-1/2"]
[WhiteElo "2494"]
[BlackElo "2355"]
[TimeControl "180+1"]
[EndTime "11:44:24 PDT"]
[Termination "Game drawn by repetition"]

1. e4 e5 2. Nf3 Nc6 3. d4 exd4 4. Nxd4 Nf6 5. Nc3 Bb4 6. Nxc6 bxc6 7. Bd3 d5 8. exd5 O-O 9. O-O Bg4 10. f3 Bh5 11. Bg5 cxd5 12. Bxf6 Qxf6 13. Nxd5 Qxb2 14. Nxb4 Qxb4 15.
Qe1 Qd4+ 16. Qf2 Rad8 17. Qxd4 Rxd4 18. Rfb1 Bg6 19. Rb3 Rfd8 20. Rab1 c5 21. Bxg6 hxg6 22. Rc3 Rd2 23. Rxc5 Re2 24. Rc4 f5 25. Kf1 Rdd2 26. Rc8+ Kf7 27. Rb7+ Kf6 28. Rc6+ Kg5 29. Rxg7 Rf2+ 30.
Ke1 Rfe2+ 31. Kf1 Rf2+ 32. Ke1 Rfe2+ 33. Kf1 1/2-1/2

[Event "*** Titled Tuesday Blitz"]
[Site "Chess.com"]
[Date "2021.04.20"]
[Round "9"]
[White "LifeIsAllAboutChess23"]
[Black "Kostukov_Alex"]
[Result "1-0"]
[WhiteElo "2156"]
[BlackElo "2316"]
[TimeControl "180+1"]
[EndTime "11:44:24 PDT"]
[Termination "LifeIsAllAboutChess23 won by resignation"]

1. d4 g6 2. e4 Bg7 3. Nc3 d6 4. f4 Nf6 5. Bd3 O-O 6. Nf3 c5 7. dxc5 dxc5 8. O-O b6 9. e5 Ng4 10. Be4 Ba6 11. Bxa8 Bxf1 12. Qxf1 f6 13. Bd5+ Kh8 14.
h3 Nh6 15. exf6 exf6 16. Be3 Nf5 17. Bf2 Nd4 18. Rd1 f5 19. Ng5 Qf6 20. Qc4 h6 21.
Nf7+ Kh7 22. Ne5 Rd8 23. Bxd4 cxd4 24. Qxd4 Nd7 25. Qc4 Nc5 26. b4 Ne4 27. Bxe4 fxe4 28. Rxd8 Qxd8 29. Qd5 Qh4 30. Nxe4 Qe1+ 31. Kh2 Qe3 32.
Nd3 h5 33. Qb7 h4 34. Nf6+ Kh6 35. Ng4+ Kh5 36. Nxe3 1-0

[Event "*** Titled Tuesday Blitz"]
[Site "Chess.com"]
[Date "2021.04.20"]
[Round "9"]
[White "manitodeplomo"]
[Black "RobertoJBM"]
[Result "0-1"]
[WhiteElo "2579"]
[BlackElo "2725"]
[TimeControl "180+1"]
[EndTime "11:44:25 PDT"]
[Termination "RobertoJBM won on time"]

1. d4 d5 2. c4 c6 3. Nf3 Nf6 4. Nc3 dxc4 5. e3 b5 6. a4 b4 7.
Na2 a5 8. Bxc4 e6 9. O-O Be7 10. Qe2 O-O 11. e4 Ba6 12. Bxa6 Nxa6 13. Bg5 Nd7 14. Bxe7 Qxe7 15. Nc1 c5 16. Nb3 cxd4 17. Nxa5 e5 18. Nc6 Qd6 19. Qb5 Nac5 20. Rfc1 Nb3 21. Nfxe5 Nxe5 22. Qxe5 Qxe5 23. Nxe5 Nxc1 24.
Rxc1 Rxa4 25. Nd3 Rfa8 26. Kf1 Ra1 27. Ke2 Rxc1 28. Nxc1 Rc8 29. Kd2 Kf8 30. Nb3 Ke7 31. Nxd4 g6 32. Nc2 Rb8 33. Kd3 Kd6 34. Kc4 Rc8+ 35.
Kd3 Kc5 36. f4 Rd8+ 37. Ke3 b3 38. Ne1 Kc4 39. g4 f6 40. e5 fxe5 41. fxe5 Kd5 42. Nd3 Rc8 0-1

[Event "*** Titled Tuesday Blitz"]
[Site "Chess.com"]
[Date "2021.04.20"]
[Round "9"]
[White "halldorgretar"]
[Black "maximych26"]
[Result "0-1"]
[WhiteElo "2128"]
[BlackElo "2269"]
[TimeControl "180+1"]
[EndTime "11:44:25 PDT"]
[Termination "maximych26 won on time"]

1. d4 Nf6 2. c4 c5 3. d5 b5 4. cxb5 a6 5. b6 Qxb6 6. Nc3 d6 7. e4 g6 8. a4 Bg7 9. a5 Qd8 10. h3 O-O 11. Nf3 Ne8 12. Be2 Nc7 13. O-O Bd7 14.
Qb3 Bb5 15. Nxb5 axb5 16. Bxb5 Nxb5 17. Qxb5 Qd7 18. Qxd7 Nxd7 19. Nd2 Rfb8 20. Nc4 Rb4 21. Ne3 Rxe4 22. Ra2 Rb4 23. f4 Bd4 24. Kh2 Ra6 25.
Nc2 Rb5 26. Nxd4 cxd4 27. Rd1 Rxd5 28. Bd2 e5 29. b4 e4 30. Bc3 d3 31. Re1 f5 32. g4 Kf7 33. gxf5 gxf5 34. Rg2 Nf6 35.
Rg5 d2 36. Rd1 e3 37. Rg2 Ra8 38. Re2 Rd3 39. Bxd2 exd2 40. Rexd2 Rxd2+ 41. Rxd2 Ne4 42. Ra2 Nc3 43. Rc2 Nb5 44. Rc6 Ke6 45. Rb6 Nd4 46.
a6 Kd5 47. b5 Kc5 48. Rb7 Nxb5 49. Rxh7 Rxa6 50. Rf7 Nd4 51. h4 Kd5 52. h5 Ra8 53.
h6 Ke4 54. Kh3 Kxf4 55. Kh4 Rh8 56. Kh5 Nc6 0-1

[Event "*** Titled Tuesday Blitz"]
[Site "Chess.com"]
[Date "2021.04.20"]
[Round "9"]
[White "Mbneu"]
[Black "zurzan"]
[Result "1-0"]
[WhiteElo "2304"]
[BlackElo "2004"]
[TimeControl "180+1"]
[EndTime "11:44:30 PDT"]
[Termination "Mbneu won by checkmate"]

1. d4 d6 2. f4 f5 3. Nf3 Nf6 4.
g3 g6 5. Bg2 Bg7 6. O-O O-O 7.
c4 c6 8. Nc3 Nbd7 9. Ng5 Nb6 10. b3 h6 11. Nf3 Qc7 12. Bb2 Nbd7 13. Nh4 Kh7 14. e4 fxe4 15. Nxe4 d5 16. Nd2 Nb6 17. Qc2 Bf5 18. Nxf5 gxf5 19. Qxf5+ Kh8 20. Qh3 dxc4 21. bxc4 Rad8 22. Rae1 Rfe8 23. d5 cxd5 24. cxd5 Qc5+ 25. Kh1 Nbxd5 26. Ne4 Qc2 27. Be5 Qxa2 28. Ng5 Kg8 29. Qe6+ Kh8 30. Nf7+ Kh7 31. Nxd8 Rxd8 32. Be4+ Kh8 33. Qf5 Qa6 34. Qg6 Kg8 35. Bf5 e6 36. Bxf6 Nxf6 37. Bxe6+ Kf8 38. Qf7# 1-0

[Event "*** Titled Tuesday Blitz"]
[Site "Chess.com"]
[Date "2021.04.20"]
[Round "9"]
[White "Eloist"]
[Black "AndreyNeves"]
[Result "1-0"]
[WhiteElo "2363"]
[BlackElo "2253"]
[TimeControl "180+1"]
[EndTime "11:44:31 PDT"]
[Termination "Eloist won by resignation"]

1. e4 e5 2. Bc4 Nf6 3. d3 c6 4.
Nf3 d5 5. Bb3 Bd6 6. exd5 cxd5 7.
Bg5 Be6 8. Nc3 Qa5 9. O-O Nbd7 10. Qe1 O-O 11. Bxf6 gxf6 12. Nxd5 Qxe1 13. Rfxe1 Kg7 14. Ne3 Nb6 15. Nh4 Bb4 16. c3 Bc5 17. d4 exd4 18. cxd4 Bb4 19. Nef5+ Kh8 20. Re4 Bxb3 21. axb3 Nd5 22.
Ne3 Rfd8 23. Nhf5 a6 24. Rc1 Nxe3 25. fxe3 Re8 26. Rxe8+ Rxe8 27. Rc7 b5 28. Kf2 h5 29. Kf3 Rg8 30. Rxf7 a5 31. e4 a4 32. Rxf6 Rc8 33.
Rb6 axb3 34. Rxb5 Rc4 35. e5 Kh7 36. Ke4 Kg6 37. Rb6+ Kg5 38. h4+ 1-0